 Dungeon Crawl Stone Soup version 0.22-a0-782-g038298e (webtiles) character file.

799 Ijustatesigmund the Chopper (level 7, -1/50 HPs)
             Began as an Octopode Fighter on July 19, 2018.
             Slain by an ice beast (3 damage)
             ... on level 5 of the Dungeon.
             The game lasted 00:09:43 (5706 turns).

Ijustatesigmund the Chopper (Octopode Fighter)      Turns: 5706, Time: 00:09:44

Health: -1/50      AC:  1    Str: 17    XL:     7   Next: 90%
Magic:  7/7        EV: 12    Int: 10    God:
Gold:   233        SH:  9    Dex: 12    Spells: 6/6 levels left

rFire    . . .     SeeInvis .   a - +0 war axe
rCold    . . .     Gourm    .   b - +0 shield
rNeg     + . .     Faith    .   (helmet restricted)
rPois    .         Spirit   .   (no amulet)
rElec    .         Reflect  .   f - ring of positive energy
rCorr    .         Harm     .   c - ring of protection from magic
MR       +....                  (no ring)
Stlth    ++........             (no ring)
HPRegen  0.16/turn              (no ring)
MPRegen  0.10/turn              (no ring)
                                (no ring)
                                (no ring)

@: no status effects
A: almost no armour, stealthy swim, amphibious, 8 rings, constrict 8, camouflage
1, gelatinous body 1
a: no special abilities


You were on level 5 of the Dungeon.
You were hungry.

You visited 2 branches of the dungeon, and saw 6 of its levels.
You also visited: Sewer.

You collected 233 gold pieces.

Inventory:

Hand Weapons
 a - a +0 war axe (weapon)
Armour
 b - a +0 shield (worn)
Jewellery
 c - a ring of protection from magic (right tentacle)
 f - a ring of positive energy (left tentacle)
Scrolls
 i - 3 scrolls of remove curse
 j - 6 scrolls of teleportation
Potions
 e - 2 potions of brilliance
 h - 2 potions of berserk rage
 k - a potion of might
 l - 2 potions of curing
 m - a potion of resistance
 n - a potion of agility
 o - a potion of flight
Comestibles
 d - 13 rations


   Skills:
 + Level 5.4 Fighting
 + Level 6.2 Axes
 + Level 4.1 Dodging
 + Level 4.1 Shields


You had 6 spell levels left.
You didn't know any spells.
Your spell library was empty.

Dungeon Overview and Level Annotations

Branches:
Dungeon (5/15)             Temple (1/1) D:4

Altars:
Ashenzari
Dithmenos
Elyvilon
Kikubaaqudgha
Makhleb
Nemelex Xobeh
Qazlal
Ru
Sif Muna
Trog
Vehumet
Wu Jian
Yredelemnul

Shops:
D:4 :


Innate Abilities, Weirdness & Mutations

You cannot wear most types of armour.
You are very stealthy in the water. (Stealth+)
You are amphibious.
You can wear up to eight rings at the same time.
You can use your tentacles to constrict eight enemies at once.
Your skin changes colour to match your surroundings (Stealth+).
Your rubbery body absorbs attacks. (AC +1, EV +1)


Message History

You are too injured to fight recklessly!
You are too injured to fight recklessly!
You are too injured to fight recklessly!
You are too injured to fight recklessly!
You are too injured to fight recklessly!
You are too injured to fight recklessly!
You barely miss the ice beast.
The ice beast is heavily wounded.
The ice beast misses you.
You hit the ice beast but do no damage. You squeeze the ice beast!
The ice beast is severely wounded.
The ice beast hits you. The ice beast freezes you.
You closely miss the ice beast.
The ice beast is severely wounded.
The ice beast hits you.
* * * LOW HITPOINT WARNING * * *
The ice beast freezes you!
* * * LOW HITPOINT WARNING * * *
The ice beast hits you.
You die...

#.........# #...............#
##.........###.....#####.#####
.........................#
......................[.........
###........###.....####....#####
#........##....### ##.#.#
#........##.##.# #...#
#........##.##.# ##..#
###########.##@# . # #..Y..# ..
####..# ...# ##.# .# ##


You could see an ice beast.

Vanquished Creatures
  A phantom (D:5)
  A bullfrog (D:4)
  A scorpion (D:4)
  An orc priest (D:3)
  A hound (D:4)
  3 orc wizards
  5 worker ants
  Natasha (thrice) (D:3)
  6 adders
  7 oozes
  An adder skeleton (D:4)
  7 worms
  2 dart slugs
  5 leopard geckos
  20 orcs
  3 giant cockroaches
  7 goblins
  10 hobgoblins
  11 jackals
  12 kobolds
  2 quokkas (D:3)
  2 ball pythons
  14 bats
  8 frilled lizards
  A leopard gecko skeleton (D:4)
  5 rats
139 creatures vanquished.

Notes
Turn   | Place    | Note
-------+----------+-------------------------------------------
     0 | D:1      | Ijustatesigmund the Octopode Fighter began the quest for the Orb.
     0 | D:1      | Reached XP level 1. HP: 16/16 MP: 1/1
   523 | D:1      | Reached XP level 2. HP: 21/21 MP: 2/2
   930 | D:1      | Reached skill level 3 in Axes
  1219 | D:2      | Reached XP level 3. HP: 25/26 MP: 3/3
  1848 | D:2      | Reached XP level 4. HP: 32/32 MP: 4/4
  1892 | D:2      | Found a basalt altar of Yredelemnul.
  2307 | D:3      | Reached skill level 4 in Axes
  2351 | D:4      | Reached XP level 5. HP: 26/37 MP: 5/5
  2530 | D:3      | Found a faded altar of an unknown god.
  2559 | D:3      | Noticed Natasha
  2570 | D:3      | Killed Natasha
  2570 | D:3      | Reached skill level 5 in Axes
  2570 | D:3      | Reached XP level 6. HP: 26/44 MP: 6/6
  2703 | D:3      | Noticed Natasha
  2710 | D:3      | Killed Natasha
  3138 | D:3      | Noticed Natasha
  3145 | D:3      | Killed Natasha
  3437 | D:4      | Reached XP level 7. HP: 43/49 MP: 7/7
  3491 | D:4      | Reached skill level 5 in Fighting
  3643 | D:4      | Found a staircase to the Ecumenical Temple.
  3652 | Temple   | Entered the Ecumenical Temple
  4225 | D:4      | Found Uvele's Book Shoppe.
  4658 | D:5      | Entered Level 5 of the Dungeon
  4716 | D:5      | Reached skill level 6 in Axes
  4848 | D:5      | Found a burning altar of Makhleb.
  4848 | D:5      | Found a white marble altar of Elyvilon.
  4892 | D:5      | Found a glowing drain.
  4916 | Sewer    | Entered a sewer
  5706 | D:5      | HP: 2/50 [ice beast (10)]
  5706 | D:5      | Slain by an ice beast

Vault maps used:
D:1:      dpeg_arrival_ternary
D:2:      old_standard_altar, st_stairs_12, kennysheep_generic_room_14
D:3:      chequers_ecumenical_altar_island, first_ration, uniq_natasha
D:4:      minmay_temple_entry_crystal_x, serial_shops, shop
D:5:      gammafunk_temple_overflow_pools, lemuel_round_altar, zin_statuary,
          cheibrodos_sewer_entry_bend
Temple:   dpeg_chambers_temple
Sewer:    sewer_fruit_machine

Skill      XL: |  1  2  3  4  5  6  7 |
---------------+----------------------+-----
Axes           | 3 4 5 6 |  6.2
Fighting       | 4 5 |  5.4
Dodging        | 4 |  4.1
Shields        | 4 |  4.1

Action                   |  1- 3 |  4- 6 |  7- 9 || total
-------------------------+-------+-------+-------++-------
Melee: War axe           |    68 |    86 |    98 ||   252
       Constrict         |    20 |    26 |    22 ||    68
       Tentacles         |    11 |    17 |    17 ||    45
  Use: Scroll            |     5 |       |     8 ||    13
       Potion            |       |     5 |     2 ||     7
 Stab: Sleeping          |     7 |     3 |     6 ||    16
       Distracted        |       |       |     1 ||     1
  Eat: Chunk             |     3 |     3 |     5 ||    11
       Ration            |       |     1 |       ||     1
Armor: Skin              |     5 |     6 |     6 ||    17
Dodge: Dodged            |    22 |    46 |    50 ||   118
Block: Shield            |    21 |    31 |    45 ||    97

Table legend:
 A = Spawn XP
 B = Non-spawn XP
 C = Spawn XP percentage of total XP
 D = Spawn monster count
 E = Non-spawn monster count
 F = Spawn count percentage of total count
 G = Total turns spent on level
                    A         B        C        D         E        F      G
               +---------+---------+-------+---------+---------+-------+---------
         Total |       0 |    1142 |   0.0 |       0 |     139 |   0.0 |  5706
               +---------+---------+-------+---------+---------+-------+---------
           D:1 |       0 |      33 |   0.0 |       0 |      18 |   0.0 |  1185
           D:2 |       0 |      73 |   0.0 |       0 |      30 |   0.0 |   998
           D:3 |       0 |     271 |   0.0 |       0 |      28 |   0.0 |   860
           D:4 |       0 |     476 |   0.0 |       0 |      32 |   0.0 |  1399
           D:5 |       0 |     201 |   0.0 |       0 |       6 |   0.0 |   350
         Sewer |       0 |      88 |   0.0 |       0 |      25 |   0.0 |   698
               +---------+---------+-------+---------+---------+-------+---------
